 Dungeon Crawl Stone Soup version 0.17.1-2-g5865329 (webtiles) character file.

22 ololoev the Skirmisher (level 2, 0/24 HPs)
             Began as a Demonspawn Fighter on Jan 25, 2016.
             Slain by a hippogriff (7 damage)
             ... on level 4 of the Dungeon.
             The game lasted 00:01:45 (342 turns).

ololoev the Skirmisher (Demonspawn Fighter)          Turns: 342, Time: 00:01:45

Health: 0/24       AC:  6    Str: 21      XL:     2   Next: 68%
Magic:  2/2        EV:  7    Int:  9      God:
Gold:   24         SH:  8    Dex:  9 (12) Spells: 0 memorised, 1 level left

rFire  . . .     SeeInvis .     a - +0 war axe
rCold  . . .     Clarity  .     b - +0 scale mail
rNeg   . . .     SustAt   .     c - +0 shield
rPois  .         Gourm    .     (no helmet)
rElec  .         Spirit   .     (no cloak)
rCorr  .         Warding  .     (no gloves)
rMut   .         Stasis   .     (no boots)
MR     .....                    (no amulet)
Stlth  +.........               (no ring)
                                (no ring)

@: mighty, invisible, not resistant to hostile enchantments, very unstealthy
A: nightstalker 1
a: no special abilities


Innate Abilities, Weirdness & Mutations

You are slightly more attuned to the shadows.

Inventory:

Hand Weapons
 a - a +0 war axe (weapon)
Armour
 b - a +0 scale mail (worn)
 c - a +0 shield (worn)
Wands
 g - a wand of cold (8)
Scrolls
 h - 2 scrolls of identify {unknown}
 j - a scroll of recharging {unknown}
Potions
 f - a potion of degeneration
Comestibles
 e - a bread ration
 i - a meat ration


   Skills:
 - Level 3.0 Fighting
 * Level 2.6 Axes
 + Level 2.9 Armour
 - Level 2.6 Shields
 + Level 0.4 Evocations


You had one spell level left.
You didn't know any spells.


You were on level 4 of the Dungeon.
You were not hungry.

You visited 1 branch of the dungeon, and saw 4 of its levels.

You collected 24 gold pieces.

#......## .$......#
#.......# #
#.....#..
#.##.#........
#.##.#........
#.#.##.)H@......
#.#.####........
#####.#.##.......###
#...#.#.##.......#
#..<#.#..........#
#...#............#
#...#..##.....##...
#...#.........# ###
#...#.........#

Notes
Turn   | Place    | Note
--------------------------------------------------------------
     0 | D:1      | ololoev the Demonspawn Fighter began the quest for the Orb.
     0 | D:1      | Reached XP level 1. HP: 18/18 MP: 1/1
    99 | D:3      | Gained mutation: You are slightly more attuned to the shadows. [demonic ancestry]
    99 | D:3      | Reached XP level 2. HP: 17/24 MP: 2/2
   337 | D:4      | Noticed a hippogriff
   342 | D:4      | Slain by a hippogriff

Dungeon Overview and Level Annotations

Branches:
Dungeon (4/15)
 Temple: D:4-7

Altars:


Message History

You barely miss the adder. The adder bites you but does no damage.
You block the adder's attack.
You closely miss the adder. You block the adder's attack.
The adder barely misses you.
Your shield and scale mail prevent you from hitting the adder.
The adder bites you but does no damage. The adder bites you.
You barely miss the adder. The adder bites you. You block the adder's attack.
You miss the adder. The adder barely misses you. You block the adder's attack.
You hit the adder but do no damage. The adder barely misses you.
You miss the adder. The adder bites you but does no damage.
The adder bites you.
You slash the adder!
You kill the adder!
There is a stone staircase leading down here.
You climb downwards.
You hear the sound of rushing water.
There is an entrance to a sewer on this level.
Hurry and find it before the portal rusts away!
There is a stone staircase leading up here.
A hippogriff comes into view.
The hippogriff screeches!
The hippogriff moves out of view.
The hippogriff bites you but does no damage.
You block the hippogriff's attack. The hippogriff claws you.
Found a bloodstained mace and 18 gold pieces.
Drink which item? (? for menu, Esc to quit)
You feel very mighty all of a sudden. The hippogriff bites you.
The hippogriff pecks you.
The hippogriff claws you but does no damage.
Drink which item? (? for menu, Esc to quit)
It was a potion of degeneration.
There was something very wrong with that liquid.
You feel clumsy. The hippogriff closely misses you.
The hippogriff pecks you but does no damage.
The hippogriff claws you but does no damage.
Drink which item? (? for menu, Esc to quit)
It was a potion of invisibility.
You fade into invisibility!
The hippogriff bites you!
You die...

You could see a hippogriff.

Vanquished Creatures
  An adder (D:3)
  2 giant geckos
  A giant cockroach (D:3)
  2 jackals (D:2)
  3 bats
  A giant newt (D:3)
  3 kobolds
13 creatures vanquished.

Action                   || total
-------------------------++-------
Melee: War axe           ||    47
  Use: Potion            ||     3

Vault maps used:
D:1:      roderic_crop_circles_arrival_small
D:2:      serial_bayou_pond_e, uniq_iyjb
D:3:      makhleb_grotto_becter, nicolae_ru_path_of_blood, first_bread,
          kennysheep_small_spiral
D:4:      lightli_sewer_entry_pipes
